 Dungeon Crawl Stone Soup version 0.31.0-11-ge490571c62 (webtiles) character file.

Game seed: 3357695892585928776

1777441 SnakkuSnakku7 the Bludgeoner (level 27, 285/285 (320) HPs)
             Began as an Oni Artificer on Feb 1, 2024.
             Was the Champion of Elyvilon.
             Escaped with the Orb
             ... and 3 runes!
             The game lasted 02:17:58 (62042 turns).

SnakkuSnakku7 the Bludgeoner (Oni Artificer)       Turns: 62042, Time: 02:17:58

HP:   285/285 (320) AC: 30    Str: 25 (26) XL:     27
MP:   36/36         EV: 19    Int: 12      God:    Elyvilon [******]
Gold: 1919          SH:  0    Dex: 17      Spells: 26/26 levels left

rFire   + + .        a - +9 great mace (heavy)
rCold   x . .        (shield currently unavailable)
rNeg    . . .        V - +8 fire dragon scales
rPois   +            K - +2 hat
rElec   .            h - +2 cloak {rCorr}
rCorr   +            (gloves unavailable)
SInv    .            (boots unavailable)
Will    +++..        p - amulet of Vitality {RegenMP++ Regen++}
Stlth   +            u - ring "Ixovvudd" {rPois rC+ Will+ Slay+4}
HPRegen 2.27/turn    T - +4 ring of protection
MPRegen 1.05/turn

%: no passive effects
@: studying 2 skills, heavily drained
A: large, unfitting armour, horns 1, tough skin 1, double potion healing,
drunken brawling, deformed body, deterioration 1, robust 1, teleportitis 1,
evolution 1, cold vulnerability 1, inability to drink after injury 2, sturdy
frame 1
0: Orb of Zot
}: 3/15 runes: serpentine, barnacled, slimy
a: Renounce Religion, Purification, Heal Other, Heal Self, Divine Vigour


You escaped.
You worshipped Elyvilon.
Elyvilon was exalted by your worship.
You visited 12 branches of the dungeon, and saw 55 of its levels.
You visited the Abyss 2 times.
You also visited: Sewer, Volcano, Wizlab and Desolation.

You collected 8025 gold pieces.
You spent 6106 gold pieces at shops.

Inventory:

Hand Weapons
 a - a +9 heavy great mace (weapon)
Missiles
 Q - 95 large rocks (quivered)
 R - 10 throwing nets
Armour
 h - a +2 cloak of preservation (worn)
 t - +1 gold dragon scales
 K - a +2 hat (worn)
 V - +8 fire dragon scales (worn)
Jewellery
 i - a ring of see invisible
 k - the ring of Moral Flaws {Wiz Stlth+}
   (You took it off a tengu warrior on level 1 of the Depths)

   [ring of wizardry]

   Wiz:       It improves your spell success rate.
   Stlth+:    It makes you more stealthy.
 p - the amulet of Vitality (around neck) {RegenMP++ Regen++}
   (You acquired it on level 2 of the Depths)

   [amulet of magic regeneration]

   RegenMP:   It increases your rate of magic regeneration.
   Regen++:   It increases your rate of health regeneration.
 u - the ring "Ixovvudd" (left hand) {rPois rC+ Will+ Slay+4}
   (You bought it in a shop on level 2 of the Elven Halls)

   [ring of protection from cold]

   Slay+4:    It affects your accuracy & damage with ranged weapons and melee
   (+4).
   rC+:       It protects you from cold.
   rPois:     It protects you from poison Will+: It increases your willpower.
 z - a +5 ring of evasion
 I - a +4 ring of protection
 T - a +4 ring of protection (right hand)
 Z - the ring of the Camelopard {rElec rC+}
   (You took it off a deep elf demonologist on level 3 of the Elven Halls)

   [ring of protection from cold]

   rC+:       It protects you from cold.
   rElec:     It insulates you from electricity.
Wands
 c - a wand of flame (93)
 d - a wand of charming (13)
 g - a wand of paralysis (47)
 G - a wand of acid (17)
 J - a wand of mindburst (22)
 L - a wand of polymorph (26)
 S - a wand of iceblast (23)
Scrolls
 e - a scroll of brand weapon
 j - 18 scrolls of teleportation
 n - 4 scrolls of fear
 r - 2 scrolls of silence
 v - 11 scrolls of poison
 y - 5 scrolls of revelation
 N - a scroll of fog
 P - 2 scrolls of immolation
 W - 3 scrolls of vulnerability
 X - 3 scrolls of summoning
Potions
 f - 2 potions of mutation
 m - 7 potions of curing
 o - 2 potions of magic
 q - 14 potions of lignification
 s - 9 potions of enlightenment
 x - 6 potions of resistance
 A - a potion of berserk rage
 C - 8 potions of attraction
 D - 6 potions of invisibility
 F - 8 potions of might
 M - 8 potions of brilliance
Miscellaneous
 l - a phantom mirror
 O - a lightning rod (4/4)
 U - a tin of tremorstones (2/2)


   Skills:
 - Level 19.9 Fighting
 - Level 19.9 Maces & Flails
 - Level 19.9 Throwing
 - Level 19.9 Armour
 - Level 19.9 Dodging
 - Level 0.6 Stealth
 - Level 19.9 Invocations
 + Level 14.1 Evocations


You had 26 spell levels left.
You didn't know any spells.
Your spell library contained the following spells:

 Spells                   Type           Power      Damage    Failure   Level
 Apportation              Tloc           0%         N/A       45%         1
 Foxfire                  Conj/Fire      0%         2x1d4     45%         1
 Freeze                   Ice            0%         1d3       45%         1
 Magic Dart               Conj           0%         1d3       45%         1
 Sandblast                Erth           0%         2d4       45%         1
 Shock                    Conj/Air       0%         1d3       45%         1
 Slow                     Hex            0%         N/A       45%         1
 Sting                    Conj/Alch      0%         1d3       45%         1
 Summon Small Mammal      Summ           0%         N/A       45%         1
 Blink                    Tloc           0%         N/A       58%         2
 Call Imp                 Summ           0%         N/A       58%         2
 Cigotuvi's Dreadful Rot  Necr/Alch/Air  0%         N/A       58%         2
 Ensorcelled Hibernation  Hex/Ice        0%         N/A       58%         2
 Jinxbite                 Hex            0%         N/A       58%         2
 Lesser Beckoning         Tloc           0%         N/A       58%         2
 Mercury Vapours          Alch/Air       0%         N/A       58%         2
 Momentum Strike          Conj/Tloc      0%         3d8       58%         2
 Scorch                   Fire           0%         2d5       58%         2
 Static Discharge         Conj/Air       0%         3-3/arc   58%         2
 Sublimation of Blood     Necr           0%         N/A       58%         2
 Call Canine Familiar     Summ           0%         N/A       83%         3
 Confusing Touch          Hex            0%         N/A       83%         3
 Dazzling Flash           Conj/Hex       0%         N/A       83%         3
 Frozen Ramparts          Ice            0%         1d1       83%         3
 Gell's Gravitas          Tloc           0%         N/A       83%         3
 Hailstorm                Conj/Ice       0%         3d5       83%         3
 Mephitic Cloud           Conj/Alch/Air  0%         N/A       83%         3
 Ozocubu's Armour         Ice            0%         N/A       83%         3
 Passwall                 Erth           0%         N/A       83%         3
 Sigil of Binding         Hex            0%         N/A       83%         3
 Stone Arrow              Conj/Erth      0%         3d7       83%         3
 Summon Ice Beast         Ice/Summ       0%         N/A       83%         3
 Swiftness                Air            0%         N/A       83%         3
 Teleport Other           Tloc           0%         N/A       83%         3
 Vampiric Draining        Necr           0%         2d6       83%         3
 Volatile Blastmotes      Fire/Tloc      0%         2d10      83%         3
 Airstrike                Air            0%         2d(0-16)  99%         4
 Brom's Barrelling Bould  Conj/Erth      0%         2d3       99%         4
 Cause Fear               Hex            0%         N/A       99%         4
 Dimensional Bullseye     Hex/Tloc       0%         N/A       99%         4
 Flame Wave               Conj/Fire      0%         2d4       99%         4
 Fulminant Prism          Conj/Alch      0%         3d5       99%         4
 Ignite Poison            Fire/Alch      0%         N/A       99%         4
 Iskenderun's Mystic Bla  Conj/Tloc      0%         2d3       99%         4
 Olgreb's Toxic Radiance  Alch           0%         N/A       99%         4
 Passage of Golubria      Tloc           0%         N/A       99%         4
 Sticky Flame             Fire/Alch      0%         2d4       99%         4
 Summon Blazeheart Golem  Fire/Summ      0%         N/A       99%         4
 Summon Lightning Spire   Summ/Air       0%         N/A       99%         4
 Alistair's Intoxication  Alch           0%         N/A       100%        5
 Arcjolt                  Conj/Air       0%         1d10      100%        5
 Curse of Agony           Necr           0%         N/A       100%        5
 Fireball                 Conj/Fire      0%         3d3       100%        5
 Freezing Cloud           Conj/Ice/Air   0%         6-21      100%        5
 Iskenderun's Battlesphe  Conj           0%         2d6       100%        5
 Metabolic Englaciation   Hex/Ice        0%         N/A       100%        5
 Silence                  Hex/Air        0%         N/A       100%        5
 Summon Mana Viper        Hex/Summ       0%         N/A       100%        5
 Yara's Violent Unravell  Hex/Alch       0%         3d3       100%        5
 Bombard                  Conj/Erth      0%         9d1       100%        6
 Conjure Ball Lightning   Conj/Air       0%         3x3d6     100%        6
 Plasma Beam              Fire/Air       0%         2x1d10    100%        6
 Sculpt Simulacrum        Ice/Alch       0%         N/A       100%        6
 Starburst                Conj/Fire      0%         6d3       100%        6
 Summon Cactus Giant      Summ           0%         N/A       100%        6
 Enfeeble                 Hex            0%         N/A       100%        7
 Monstrous Menagerie      Summ           0%         N/A       100%        7
 Orb of Destruction       Conj           0%         9d5       100%        7
 Ozocubu's Refrigeration  Ice            0%         4d7       100%        7
 Spellforged Servitor     Conj/Summ      0%         N/A       100%        7
 Summon Hydra             Summ           0%         N/A       100%        7
 Discord                  Hex            0%         N/A       100%        8
 Ignition                 Fire           0%         3d3       100%        8
 Lehudib's Crystal Spear  Conj/Erth      0%         10d2      100%        8
 Summon Horrible Things   Summ           0%         N/A       100%        8
 Chain Lightning          Conj/Air       0%         N/A       100%        9
 Dragon's Call            Summ           0%         N/A       100%        9
 Fire Storm               Conj/Fire      0%         5d1       100%        9
 Shatter                  Erth           0%         3d5*      100%        9


Dungeon Overview and Level Annotations

Branches:
Dungeon (15/15)            Temple (1/1) D:4            Lair (5/5) D:10
 Shoals (4/4) Lair:3        Snake (4/4) Lair:2        Slime (5/5) Lair:5
    Orc (2/2) D:9             Elf (3/3) Orc:2        Vaults (4/5) D:13
  Crypt (3/3) Vaults:3       Tomb (0/3) Crypt:3      Depths (4/4) D:15
    Zot (5/5) Depths:4      Sewer (visited)         Volcano (visited)
 WizLab (visited)         Desolation (visited)

Altars:
Ashenzari
Cheibriados
Dithmenos
Elyvilon
Fedhas
Gozag
Hepliaklqana
Kikubaaqudgha
Makhleb
Nemelex Xobeh
Okawaru
Qazlal
Ru
Sif Muna
Trog
Uskayaw
Vehumet
Wu Jian
Xom
Yredelemnul
Zin
The Shining One
Jiyva

Shops:
D:1 (   D:6 *   D:14 (   Orc:1 !   Orc:2 ??([   Elf:1 [?*   Elf:2 [=:=
Elf:3 [   Snake:2 (   Snake:3 [   Vaults:1 !   Vaults:2 [   Vaults:4 [
Depths:2 ?*   Depths:3 !

Portals:
Hell: Depths:1 Depths:2 Depths:3 Depths:4
Abyss: Depths:3 Depths:4
Pandemonium: Depths:2
Ziggurat: Depths:3

Annotations:
D:3 yey's ghost, amateur GnWn
D:15 4 transporters
Snake:1 3 runed translucent doors, Sonipp's ghost, adept GrFi
Elf:2 exclusion: 3 doors
Depths:1 6 transporters
Depths:2 1 transporter
Zot:5 exclusion: orange crystal statue


Innate Abilities, Weirdness & Mutations

You are too large for most types of armour.
You have a pair of small horns on your head.
You have tough skin. (AC +1)
You gain doubled healing and magic from potions.
Whenever you drink a healing potion, you attack all around you.
Armour fits poorly on your strangely shaped body.
Your body sometimes deteriorates upon taking damage.
You are robust. (+10% HP)
You are occasionally teleported next to monsters.
You have hidden genetic potential.
You are vulnerable to cold. (rC-)
You sometimes lose the ability to drink potions when taking damage.
Your movements are slightly less encumbered by armour. (ER -2)


Message History

There is a stone staircase leading up here.
You climb upwards.
There is a stone staircase leading down here.
There is a stone staircase leading up here.
You climb upwards.
Level annotation: yey's ghost, amateur GnWn
There is a stone staircase leading down here.
A hellwing comes into view.
The hellwing gives a chilling moan.
The hellwing hits you but does no damage.
The hellwing misses you.
You hit the hellwing but do no damage. You headbutt the hellwing.
The hellwing is lightly wounded.
The hellwing hits you but does no damage.
The hellwing misses you.
The hellwing hits you but does no damage.
The hellwing misses you.
A hellwing comes into view.
The hellwing attacks as it pursues you! The hellwing closely misses you. x2
The hellwing attacks as it pursues you!
The hellwing hits you but does no damage.
The hellwing misses you. The hellwing attacks as it pursues you!
The hellwing hits you but does no damage. x2
There is a stone staircase leading up here.
The hellwing closely misses you. The hellwing misses you.
You climb upwards.
There is a stone staircase leading down here.
You hammer the hellwing like a gong!!!!
You kill the hellwing!
No target in view!
There is an open door here.
There is a stone staircase leading up here.
You climb upwards.
There is a stone staircase leading down here.
There is an open door here.
The demonspawn blood saint shouts!
A reaper comes into view. It is wielding a +3 scythe of venom.
There is a staircase leading out of the dungeon here.
You have escaped!

..# .### ...##
##..#
###############
#####^#x#6#X#x#
##x#X############
x#####..........##
##.........2....@#
...#######......##
####X#X#X########
^#X#######^#X#^#
#### #######
####### ......#
.###### .#


You could see a reaper and a small abomination.

Vanquished Creatures
  the Royal Jelly (Slime:5)
  7 orbs of fire
  An ancient lich (Zot:5)
  4 Killer Klowns (Zot:5)
  Bai Suzhen (Crypt:3)
  2 curse toes
  5 golden dragons
  A profane servitor (Crypt:3)
  Jory (Crypt:3)
  4 bone dragons
  Nikola (Shoals:3)
  2 electric golems (Zot:5)
  Jorgrun (D:14)
  A shard shrike zombie (Abyss:4)
  An Ice Fiend (Crypt:3)
  24 Orb Guardians
  A hellephant (Abyss:4)
  5 liches
  A Hell Sentinel (Abyss:4)
  6 tentacled monstrosities
  12 acid blobs
  A deep elf blademaster (Elf:3)
  4 sphinxes
  2 titans
  4 quicksilver dragons
  A death cob (Zot:1)
  Polyphemus (Shoals:3)
  7 ancient champions
  4 storm dragons
  11 tentacled starspawn
  2 tengu reavers
  3 revenants
  2 protean progenitors
  2 draconian monks
  13 azure jellies
  9 rockslimes
  6 fire giants
  5 deep elf sorcerers
  2 draconian shifters
  6 nagarajas
  2 draconian knights (WizLab)
  An iron dragon (Depths:4)
  A caustic shrike zombie (Crypt:3)
  A ghost moth (Zot:5)
  5 frost giants
  An imperial myrmidon (Elf:2)
  7 vault wardens
  A draconian scorcher (Zot:3)
  4 deep elf elementalists (Elf:3)
  A balrug (Zot:3)
  3 cacodemons
  12 ironbound preservers
  11 formless jellyfish
  5 draconian annihilators
  16 very ugly things
  13 ghouls
  2 draconian stormcallers
  A reaper (Abyss:4)
  A spriggan defender (Depths:2)
  12 quicksilver oozes
  6 ironbound thunderhulks
  13 vampire knights
  6 green draconians
  13 stone giants
  An ophan (Abyss:4)
  6 black draconians
  5 dire elephants
  6 deep elf demonologists
  8 deep elf death magi
  5 deep elf annihilators (Elf:3)
  2 white draconians
  6 yellow draconians
  8 red draconians
  5 purple draconians
  The ghost of SirLogeyBear the Severer, a journeyman HOBe of Trog (D:13)
  4 eidola
  Snorg (D:10)
  Josephine (Lair:4)
  21 jiangshi
  2 crystal guardians
  5 fire dragons
  8 ettins
  6 merfolk javelineers
  A ragged hierophant (Desolation)
  3 blizzard demons
  2 entropy weavers (Abyss:5)
  An entropy weaver (shapeshifter) (Elf:1)
  4 deep elf high priests
  10 merfolk impalers
  14 yaktaur captains
  Erolcha (D:9)
  11 great orbs of eyes
  A spectral iron giant (Crypt:3)
  2 servants of whispers
  14 anacondas
  2 fenstrider witch zombies (Crypt:1)
  2 ghost crabs (Shoals:4)
  13 ironbound frosthearts
  4 salamander tyrants
  6 centaur warriors
  7 ice dragons
  5 rakshasas
  7 spriggan air magi
  2 peacekeepers
  3 vault guards
  2 spriggan skeletons
  3 hydras
  An alligator snapping turtle (Shoals:4)
  3 merfolk avatars
  8 two-headed ogres
  An ogre mage (Vaults:2)
  4 catoblepae
  4 death knights
  5 merfolk aquamancers
  9 naga warriors
  5 boulder beetles
  2 satyrs
  16 death yaks
  17 dancing weapons
  5 deep troll earth magi
  10 deep troll shamans
  9 vampire magi
  13 tengu warriors
  18 thrashing horrors
  An Orb Guardian skeleton (Crypt:2)
  4 spriggan berserkers
  7 occultists
  Urug (D:10)
  4 orc high priests
  6 shock serpents
  11 deep elf knights
  14 naga sharpshooters
  2 skysharks (Shoals:2)
  3 soul eaters
  2 spriggans (Depths:4)
  9 iron trolls
  14 hell knights
  25 skeletal warriors
  2 sun demons (Zot:3)
  4 sixfirhies (Abyss:4)
  5 wretched stars
  4 shadow wraiths
  11 salamander mystics
  A fire crab (shapeshifter) (Depths:3)
  7 flayed ghosts
  2 spatial maelstroms (Abyss:4)
  22 mana vipers
  39 deep trolls
  2 spriggan simulacra (Crypt:1)
  A bog body (Crypt:2)
  8 phantasmal warriors
  18 sea snakes
  2 shadow demons
  5 deep elf archers
  21 deep elf zephyrmancers
  6 arcanists
  17 lindwurms
  22 harpies
  7 glowing orange brains
  4 naga ritualists
  15 ironbound convokers
  8 orc knights
  A wolf spider (shapeshifter) (Depths:3)
  9 necromancers
  A shadow dragon skeleton (Crypt:1)
  27 deep elf pyromancers
  5 orc sorcerers
  A sphinx simulacrum (Vaults:3)
  13 fauns
  19 ugly things
  5 shining eyes
  17 manticores
  A moth of wrath (shapeshifter) (D:14)
  A tengu skeleton (Vaults:1)
  24 salamanders
  25 large abominations
  3 moths of wrath
  6 cyclopes
  12 merfolk sirens
  3 meliai (D:15)
  13 elephants
  A fire giant skeleton (Vaults:3)
  3 worldbinders (Abyss:4)
  34 black mambas
  A spectral alligator snapping turtle (Shoals:4)
  6 kobold blastminers
  A mana viper zombie (Crypt:1)
  4 apocalypse crabs
  13 guardian serpents
  A rust devil (Abyss:4)
  A black mamba (shapeshifter) (Elf:1)
  A dire elephant zombie (Crypt:1)
  2 eyes of devastation
  An alligator snapping turtle zombie (Crypt:1)
  5 smoke demons
  2 molten gargoyles (Volcano)
  4 water nymphs
  A centaur skeleton (D:15)
  13 cane toads
  9 naga magi
  5 orange demons
  12 vault sentinels
  2 hellions
  4 gargoyles
  5 rime drakes
  2 human zombies
  2 kobold demonologists
  2 unseen horrors (Abyss:4)
  12 komodo dragons
  An alligator snapping turtle skeleton (Crypt:2)
  Maggie (D:9)
  11 freezing wraiths
  24 yaktaurs
  3 efreet
  10 ancient zymes
  An unseen horror zombie (Crypt:2)
  3 spectral merfolk (Shoals:4)
  4 tengu conjurers
  A silent spectre (Abyss:4)
  4 trolls
  A wolf spider simulacrum (D:15)
  2 hellwings
  2 polar bears (Lair:5)
  A harpy zombie (Crypt:1)
  41 merfolk
  3 hornets
  5 wind drakes
  2 polar bears (shapeshifter) (Abyss:4)
  31 raiju
  10 saltlings
  5 glass eyes
  12 snapping turtles
  31 blink frogs
  A harpy skeleton (D:15)
  15 dream sheep
  A frost giant simulacrum (Vaults:1)
  98 slime creatures
  4 ettin zombies
  6 shadows
  2 centaur simulacra (D:15)
  A black mamba zombie (Crypt:1)
  3 air elementals
  4 wyverns
  20 wraiths
  2 fire bats (Volcano)
  2 ynoxinuls (Abyss:4)
  51 yaks
  11 water elementals
  13 golden eyes
  A basilisk (shapeshifter) (Abyss:4)
  An ettin skeleton (Vaults:1)
  5 basilisks
  3 fire elementals
  5 wargs
  4 neqoxecs
  3 chaos spawn
  4 vampire mosquitoes
  A spatial vortex (Abyss:4)
  Edmund (D:5)
  A harpy simulacrum (Crypt:1)
  36 nagas
  A deep troll zombie (Crypt:2)
  19 water moccasins
  4 acid dragons
  A demonspawn zombie (Crypt:1)
  20 orc warriors
  A naga skeleton (Abyss:2)
  An ice beast (D:6)
  A black bear (D:5)
  2 sky beasts
  21 small abominations
  29 laughing skulls
  A manticore zombie (Crypt:1)
  A blink frog zombie (Crypt:2)
  16 ogres
  A boggart (Elf:1)
  24 centaurs
  A torpor snail zombie (Crypt:2)
  7 wolves
  A weeping skull (Crypt:3)
  15 bullfrogs
  A komodo dragon zombie (Crypt:1)
  A kobold brigand (D:7)
  6 necrophages
  2 scorpions
  2 earth elementals
  A draconian skeleton (Crypt:1)
  5 wights (D:9)
  3 burial acolytes (Crypt:3)
  19 killer bees
  7 howler monkeys
  A bombardier beetle (D:5)
  6 lava snakes
  3 hounds
  A quasit (Abyss:4)
  A jelly (D:6)
  A gnoll bouda (Lair:1)
  14 orc priests
  55 starcursed masses
  2 sleepcaps
  A hell rat (Sewer)
  6 iguanas
  15 orc wizards
  A sky beast zombie (Crypt:2)
  A hound skeleton (Crypt:1)
  7 adders
  A river rat (Sewer)
  2 shadow imps
  A swamp drake skeleton (Crypt:2)
  A white imp (Vaults:2)
  4 ufetubi (D:5)
  9 dart slugs
  3 ribbon worms
  71 orcs
  5 ball pythons
  5 bats
  8 endoplasms
  7 giant cockroaches
  6 goblins
  6 hobgoblins
  9 jackals
  7 quokkas
  2 frilled lizards
  A giant cockroach zombie (Crypt:1)
  8 kobolds
  8 rats
  A rat skeleton (Crypt:2)
  A rat zombie (Crypt:2)
  An aspiring flesh (Zot:3)
  A lurking horror (Abyss:4)
  7 starspawn tentacles
  A tentacle (Shoals:4)
2340 creatures vanquished.

Vanquished Creatures (others)
  An Orb Guardian (Zot:5)
  Ilsuiw (Shoals:3)
  A draconian shifter (Zot:3)
  A deep elf elementalist (Elf:3)
  A war gargoyle (Vaults:4)
  A naga mage (Snake:4)
  2 black mambas (Snake:4)
  A guardian serpent (Snake:4)
  2 ancient zymes (Abyss:4)
  A yaktaur (Vaults:4)
  3 slime creatures (Abyss:4)
  A water elemental (Shoals:4)
  A yak (D:10)
  A golden eye (Slime:4)
  2 nagas (Snake:4)
  5 small abominations (Abyss:4)
  2 laughing skulls (Abyss:4)
  A centaur (D:13)
  A weeping skull (Abyss:4)
  A burial acolyte (Crypt:3)
  An orc priest (Orc:1)
  3 orcs
  36 starspawn tentacles
  30 tentacles (Shoals:4)
100 creatures vanquished.

Grand Total: 2440 creatures vanquished

Notes
Turn   | Place    | Note
-------+----------+-------------------------------------------
     0 | D:1      | SnakkuSnakku7 the Oni Artificer began the quest for the
                  | Orb.
     0 | D:1      | Reached XP level 1. HP: 19/19 MP: 1/1
     0 | D:1      | Noticed a small abomination
     1 | D:1      | Noticed a large abomination
     1 | D:1      | Noticed a large abomination
     5 | D:1      | Noticed a small abomination
     6 | D:1      | Noticed a large abomination
     8 | D:1      | Noticed a large abomination
    10 | D:1      | Noticed a large abomination
    10 | D:1      | Noticed a large abomination
    12 | D:1      | Noticed a small abomination
    12 | D:1      | Noticed a large abomination
    14 | D:1      | Noticed a small abomination
    16 | D:1      | Noticed a large abomination
    16 | D:1      | Noticed a large abomination
    18 | D:1      | Noticed a large abomination
    20 | D:1      | Noticed a large abomination
    78 | D:1      | Found Gein Geups's Antique Weapon Shop.
   179 | D:1      | Reached skill level 1 in Maces & Flails
   179 | D:1      | Reached XP level 2. HP: 8/28 MP: 2/2
   222 | D:1      | HP: 1/29 [frozen (4)]
   498 | D:1      | Reached XP level 3. HP: 36/36 MP: 3/3
  1203 | D:2      | Reached XP level 4. HP: 30/48 MP: 4/4
  1744 | D:3      | Noticed a scorpion
  1753 | D:3      | Killed a scorpion
  1754 | D:3      | Reached skill level 5 in Fighting
  1754 | D:3      | Reached XP level 5. HP: 54/59 MP: 5/5
  1882 | D:3      | Noticed yey's ghost (amateur GnWn)
  1883 | D:3      | Found a transporter.
  1883 | D:3      | Noticed an ogre
  1883 | D:3      | Noticed an ogre
  2076 | D:3      | Found a transporter.
  2090 | D:3      | Killed an ogre
  2091 | D:3      | Reached XP level 6. HP: 68/68 MP: 6/6
  2193 | D:4      | Found an iron altar of Okawaru.
  2426 | D:4      | Reached XP level 7. HP: 62/79 MP: 7/7
  2646 | D:4      | Found a staircase to the Ecumenical Temple.
  2659 | Temple   | Entered the Ecumenical Temple
  2669 | Temple   | Became a worshipper of Elyvilon the Healer
  3238 | D:5      | Entered Level 5 of the Dungeon
  3263 | D:5      | Reached skill level 5 in Maces & Flails
  3377 | D:5      | Reached * piety under Elyvilon
  3411 | D:5      | Found an ancient bone altar of Kikubaaqudgha.
  3437 | D:5      | Noticed Edmund
  3448 | D:5      | Killed Edmund
  3449 | D:5      | Reached XP level 8. HP: 42/88 MP: 8/8
  3476 | D:5      | Found a glowing drain.
  3493 | Sewer    | Entered a sewer
  3884 | D:5      | Found a burning altar of Makhleb.
  3971 | D:5      | Reached ** piety under Elyvilon
  4135 | D:5      | Found a shimmering blue altar of Sif Muna.
  4292 | D:6      | Found Kuothreus's Assorted Antiques.
  4307 | D:6      | Bought a scroll labelled NERIRI JIRINTO for 25 gold pieces
  4538 | D:6      | Reached XP level 9. HP: 96/96 MP: 9/9
  4791 | D:7      | Reached *** piety under Elyvilon
  4999 | D:7      | Found a sparkling altar of Nemelex Xobeh.
  5125 | D:7      | Reached skill level 10 in Maces & Flails
  5607 | D:8      | Reached **** piety under Elyvilon
  5882 | D:8      | Noticed a hornet
  5885 | D:8      | Killed a hornet
  6158 | D:9      | Found a staircase to the Orcish Mines.
  6158 | D:9      | Reached ***** piety under Elyvilon
  6224 | D:9      | Noticed Erolcha
  6360 | D:9      | Reached XP level 10. HP: 54/104 MP: 10/10
  6627 | D:9      | Killed Erolcha
  6640 | D:9      | Noticed Maggie
  6853 | D:9      | Killed Maggie
  7124 | D:9      | Found a shimmering altar of Xom.
  7144 | D:9      | Found a shimmering altar of Xom.
  7145 | D:9      | Found a shimmering altar of Xom.
  7146 | D:9      | Found a shimmering altar of Xom.
  7146 | D:9      | Found a shimmering altar of Xom.
  7510 | D:9      | Found a snail-covered altar of Cheibriados.
  7576 | D:9      | Noticed a gargoyle
  7590 | D:9      | Killed a gargoyle
  7601 | D:9      | Found a hazy altar of Hepliaklqana.
  7602 | D:9      | Found a faded altar of an unknown god.
  7650 | D:10     | Entered Level 10 of the Dungeon
  7706 | D:10     | Found a staircase to the Lair.
  7708 | D:10     | Noticed Snorg
  7950 | D:10     | Noticed Urug
  7974 | D:10     | Killed Urug
  7975 | D:10     | Reached XP level 11. HP: 82/111 MP: 11/11
  8143 | D:10     | Reached skill level 15 in Maces & Flails
  8196 | D:10     | Killed Snorg
  8710 | Lair:1   | Entered Level 1 of the Lair of Beasts
  9115 | Lair:1   | Reached XP level 12. HP: 95/119 MP: 12/12
  9186 | Lair:1   | Reached skill level 1 in Invocations
  9955 | Lair:2   | Reached skill level 5 in Invocations
 10011 | Lair:2   | Identified a scroll of acquirement
 10011 | Lair:2   | Acquired a +2 kite shield of protection
 10238 | Lair:2   | Found a staircase to the Snake Pit.
 10240 | Lair:2   | Reached ****** piety under Elyvilon
 10829 | Lair:3   | Noticed a boulder beetle
 10842 | Lair:3   | Killed a boulder beetle
 10947 | Lair:3   | Reached skill level 10 in Invocations
 11155 | Lair:3   | Noticed a dire elephant
 11175 | Lair:3   | Found a runed translucent door.
 11338 | Lair:3   | Noticed a skyshark
 11341 | Lair:3   | Pacified a skyshark
 11508 | Lair:3   | Reached XP level 13. HP: 98/127 MP: 21/21
 11578 | Lair:3   | Found a staircase to the Shoals.
 11976 | Lair:3   | Killed a dire elephant
 12210 | Lair:4   | Reached skill level 5 in Dodging
 12305 | Lair:4   | Found a dark tunnel.
 12322 | Volcano  | Entered a volcano
 12478 | Volcano  | Found a burning altar of Makhleb.
 12553 | Volcano  | Noticed a stone giant
 12565 | Volcano  | Killed a stone giant
 12608 | Volcano  | Reached skill level 1 in Throwing
 12974 | Lair:4   | Reached skill level 5 in Throwing
 13023 | Lair:4   | Noticed Josephine
 13052 | Lair:4   | Killed Josephine
 13096 | Lair:4   | Got the Almanac of Bolts and Accelerants
 13292 | Lair:4   | Reached XP level 14. HP: 135/135 MP: 23/23
 13534 | Lair:5   | Entered Level 5 of the Lair of Beasts
 13862 | Lair:5   | Found a viscous altar of Jiyva.
 13862 | Lair:5   | Found a staircase to the Slime Pits.
 13908 | Lair:5   | Reached skill level 10 in Throwing
 15186 | Lair:5   | Identified the staff "Ypuok" {rF+ rC+ Stlth+ Fire}
 15423 | D:11     | Reached XP level 15. HP: 138/143 MP: 24/24
 15795 | Orc:1    | Entered Level 1 of the Orcish Mines
 15884 | Orc:1    | Found Osiucy Itiu's Distillery.
 15892 | Orc:1    | Bought a potion of curing for 48 gold pieces
 15892 | Orc:1    | Bought a potion of heal wounds for 80 gold pieces
 15892 | Orc:1    | Bought a potion of haste for 160 gold pieces
 15892 | Orc:1    | Bought a potion of might for 64 gold pieces
 15966 | Orc:2    | Entered Level 2 of the Orcish Mines
 16076 | Orc:2    | Found a staircase to the Elven Halls.
 16991 | Orc:2    | Reached skill level 15 in Throwing
 17306 | Orc:2    | Found Jejutz's Magic Scroll Boutique.
 17306 | Orc:2    | Found Wuce Tis's Magic Scroll Shoppe.
 17313 | Orc:2    | Found Taaph's Weapon Shoppe.
 17313 | Orc:2    | Found Yshrah's Armour Boutique.
 17319 | Orc:2    | Bought a scroll of teleportation for 45 gold pieces
 17319 | Orc:2    | Bought a scroll of enchant armour for 112 gold pieces
 17319 | Orc:2    | Bought a scroll of teleportation for 45 gold pieces
 17324 | Orc:2    | Bought a scroll of teleportation for 42 gold pieces
 17324 | Orc:2    | Bought a scroll of teleportation for 42 gold pieces
 17324 | Orc:2    | Bought a scroll of teleportation for 42 gold pieces
 17324 | Orc:2    | Bought a scroll of teleportation for 42 gold pieces
 17324 | Orc:2    | Bought a scroll of blinking for 105 gold pieces
 17324 | Orc:2    | Bought a scroll of enchant armour for 105 gold pieces
 18375 | D:13     | Reached skill level 10 in Fighting
 18853 | D:13     | Found a gate to the Vaults.
 18968 | D:13     | Identified the +1 scale mail of Death's Door {rN+ Will++}
 19090 | D:13     | Found a runed translucent gate.
 19090 | D:13     | Found a runed translucent gate.
 19090 | D:13     | Found a runed translucent gate.
 19095 | D:13     | Noticed SirLogeyBear's ghost (journeyman HOBe)
 19326 | D:13     | Identified the +7 falchion "Cudgha" {heavy, rC+ Int+2}
 19394 | D:13     | Killed SirLogeyBear's ghost
 19402 | D:13     | Identified the +0 cloak of the Grinning Gods {+Blink rElec
                  | Int+3 Stlth-}
 19618 | D:14     | Noticed Jorgrun
 19636 | D:14     | Killed Jorgrun
 19637 | D:14     | Reached XP level 16. HP: 143/171 MP: 25/25
 19661 | D:14     | Found Onnexair's Weapon Boutique.
 20195 | D:14     | Identified the ring "Athre" {Fly Will+ MP-9 Slay+5 Stlth+}
 20265 | D:15     | Entered Level 15 of the Dungeon
 20369 | D:15     | Found a transporter.
 20387 | D:15     | Found a transporter.
 20554 | D:15     | Reached skill level 15 in Fighting
 21066 | D:15     | Found a transporter.
 21091 | D:15     | Found a transporter.
 21339 | D:15     | Found a staircase to the Depths.
 21564 | Shoals:1 | Entered Level 1 of the Shoals
 22080 | Shoals:1 | Identified the +8 plate armour of the Ikuchi {rF+ Int+3}
 22246 | Shoals:1 | Reached skill level 10 in Dodging
 23710 | Shoals:3 | Reached XP level 17. HP: 166/184 MP: 27/27
 24006 | Shoals:3 | Noticed Polyphemus
 24017 | Shoals:3 | Reached skill level 15 in Invocations
 24050 | Shoals:2 | Reached skill level 1 in Armour
 24293 | Shoals:3 | Killed Polyphemus
 24519 | Shoals:3 | Noticed Ilsuiw
 24567 | Shoals:3 | Killed Ilsuiw
 24844 | Shoals:3 | Noticed a kraken
 24849 | Shoals:3 | Pacified a kraken
 24905 | Shoals:3 | Reached skill level 5 in Armour
 25369 | Shoals:3 | Noticed Nikola
 25385 | Shoals:3 | Killed Nikola
 25628 | Shoals:4 | Entered Level 4 of the Shoals
 26701 | Shoals:4 | Elyvilon protects you from harm!
 26835 | Shoals:4 | Got a barnacled rune of Zot
 26951 | Shoals:4 | Identified the +9 whip "Xeoz" {holy, *Noise rF++ rN+}
 27138 | Shoals:4 | Reached XP level 18. HP: 43/173 MP: 29/29
 27171 | Shoals:4 | Reached skill level 10 in Armour
 27722 | Shoals:4 | Acquired an amulet of regeneration
 27902 | Shoals:4 | Reached skill level 5 in Evocations
 28060 | Snake:1  | Entered Level 1 of the Snake Pit
 28183 | Snake:1  | Found a runed translucent gate.
 28183 | Snake:1  | Found a runed translucent gate.
 28183 | Snake:1  | Found a runed translucent gate.
 28189 | Snake:1  | Noticed Sonipp's ghost (adept GrFi)
 30069 | Snake:2  | Found Ysusewuch's Weapon Boutique.
 30897 | Snake:3  | Found Wamotau's Armour Emporium.
 31216 | Snake:3  | Reached skill level 10 in Evocations
 31355 | Snake:4  | Entered Level 4 of the Snake Pit
 31668 | Snake:4  | Reached XP level 19. HP: 182/201 MP: 27/30
 34625 | Snake:4  | Got a serpentine rune of Zot
 35003 | Vaults:1 | Entered Level 1 of the Vaults
 35626 | Vaults:1 | Identified the +6 whip "Sej Qeqo" {heavy, Str+6}
 35686 | Vaults:1 | Found Zeimiont's Distillery.
 35690 | Vaults:1 | Bought a potion of heal wounds for 110 gold pieces
 35690 | Vaults:1 | Bought a potion of curing for 66 gold pieces
 35690 | Vaults:1 | Bought a potion of curing for 66 gold pieces
 35690 | Vaults:1 | Bought a potion of curing for 66 gold pieces
 35690 | Vaults:1 | Bought a potion of resistance for 220 gold pieces
 35690 | Vaults:1 | Bought a potion of resistance for 220 gold pieces
 35690 | Vaults:1 | Bought a potion of might for 88 gold pieces
 35690 | Vaults:1 | Bought a potion of might for 88 gold pieces
 35724 | Vaults:1 | Reached XP level 20. HP: 221/221 MP: 31/31
 37482 | Vaults:2 | Found Jiovuc's Armour Boutique.
 38420 | Vaults:3 | Found a staircase to the Crypt.
 38860 | Vaults:3 | Paralysed by a formless jellyfish for 1 turns
 39075 | Vaults:4 | Reached XP level 21. HP: 225/236 MP: 33/33
 39384 | Vaults:4 | Found a transporter.
 39388 | Vaults:4 | Found Osecic's Armour Shoppe.
 39596 | Vaults:4 | Paralysed by a formless jellyfish for 1 turns
 39655 | Vaults:4 | Found a transporter.
 40604 | Crypt:1  | Entered Level 1 of the Crypt
 41029 | Vaults:3 | Paralysed by something for 3 turns
 41604 | Crypt:1  | Acquired 1278 gold pieces
 41755 | Crypt:1  | Identified the +5 quarterstaff of the Dead {flame, rElec
                  | Will+ Int+3 Stlth+}
 42695 | Crypt:2  | Reached XP level 22. HP: 177/243 MP: 34/34
 42697 | Crypt:3  | Entered Level 3 of the Crypt
 43260 | Crypt:2  | Found an ancient bone altar of Kikubaaqudgha.
 43790 | Crypt:3  | Found an ancient bone altar of Kikubaaqudgha.
 44195 | Crypt:3  | Paralysed by a vampire knight for 2 turns
 44432 | Crypt:3  | Noticed Bai Suzhen
 44448 | Crypt:3  | Killed Bai Suzhen
 44645 | Crypt:3  | Got the Omnibus of Combat Magic and Adjuration
 44806 | Crypt:3  | Noticed a profane servitor
 44821 | Crypt:3  | Killed a profane servitor
 45019 | Crypt:3  | Noticed Jory
 45033 | Crypt:3  | Killed Jory
 45285 | Crypt:3  | Found a staircase to the Tomb.
 45303 | Crypt:3  | Got the Octavo of Hoarfrost
 45689 | Elf:1    | Entered Level 1 of the Elven Halls
 45886 | Elf:1    | Found an ancient bone altar of Kikubaaqudgha.
 46174 | Elf:1    | Found Zukab's Magic Scroll Shoppe.
 46209 | Elf:1    | Bought a scroll of fog for 52 gold pieces
 46209 | Elf:1    | Bought a scroll of revelation for 97 gold pieces
 46209 | Elf:1    | Bought a scroll of fear for 52 gold pieces
 46209 | Elf:1    | Bought a scroll of teleportation for 39 gold pieces
 46283 | Elf:1    | Reached XP level 23. HP: 244/253 MP: 36/36
 46330 | Elf:1    | Found Ahuupiju's Antique Armour Emporium.
 46581 | Elf:1    | You fall into a shaft and drop 1 floor!
 46586 | Elf:2    | Found a runed translucent gate.
 46586 | Elf:2    | Found a runed translucent gate.
 46586 | Elf:2    | Found a runed translucent gate.
 46648 | Elf:2    | Found Unguqas's Antique Armour Emporium.
 46726 | Elf:2    | Bought shiny ice dragon scales for 1827 gold pieces
 46756 | Elf:2    | Found a crumbling gateway.
 46781 | Desolati | Entered the Desolation of Salt
 47341 | Elf:2    | Found Kagge's Jewellery Shoppe.
 47341 | Elf:2    | Found Wefutiwk's Book Boutique.
 47342 | Elf:2    | Found Ytumaitt's Jewellery Shoppe.
 47355 | Elf:2    | Bought the ring "Ixovvudd" {rPois rC+ Will+ Slay+4} for 879
                  | gold pieces
 47547 | Elf:1    | Found Kyryosunt's General Store.
 47555 | Elf:1    | Bought a scroll of fog for 64 gold pieces
 47704 | Elf:3    | Entered Level 3 of the Elven Halls
 47950 | Elf:3    | Paralysed by an air elemental for 1 turns
 48385 | Elf:3    | Found Nuowkid's Armour Shoppe.
 48999 | Elf:3    | Identified the amulet "Xebil" {Reflect Fly rN+ SH+5 Stlth+}
 49066 | Elf:3    | Paralysed by an air elemental for 1 turns
 49070 | Elf:3    | Paralysed by an air elemental for 1 turns
 49077 | Elf:3    | Identified the ring of the Camelopard {rElec rC+}
 49117 | Elf:3    | Reached skill level 15 in Dodging
 49324 | Elf:3    | Identified the +5 ring mail of Fiopt {Slay+2}
 49357 | Elf:3    | Identified the +4 war axe "Miekaq" {heavy, rC+ rN+ Dex-2}
 49420 | Elf:3    | Got the Octavo of Conjuring
 50069 | Depths:1 | Entered Level 1 of the Depths
 50091 | Depths:1 | Found a transporter.
 50285 | Depths:1 | Identified the +0 robe "Kohem" {rElec rPois rF++ Stlth-}
 50359 | Depths:1 | Identified the ring of Moral Flaws {Wiz Stlth+}
 50424 | Depths:1 | Identified the +0 shortbow of Overwhelming Force {elec,
                  | ^Drain rN+ Will+}
 50433 | Depths:1 | Got Sif Muna's Compendium of Dislocation
 50645 | Depths:1 | Reached XP level 24. HP: 263/263 MP: 30/36
 50690 | Depths:1 | Found a transporter.
 50696 | Depths:1 | Found a transporter.
 50715 | Depths:1 | You fall into a shaft and drop 1 floor!
 50717 | Depths:2 | Found a gateway to Hell.
 50717 | Depths:2 | Found Joypint's General Store.
 50814 | Depths:2 | Bought a potion of berserk rage for 85 gold pieces
 50814 | Depths:2 | Found Vueb Zops's Magic Scroll Shop.
 50820 | Depths:2 | Bought a scroll of enchant armour for 150 gold pieces
 50820 | Depths:2 | Bought a scroll of enchant armour for 150 gold pieces
 50822 | Depths:2 | Bought a scroll of summoning for 190 gold pieces
 50822 | Depths:2 | Bought a scroll of revelation for 150 gold pieces
 50822 | Depths:2 | Bought a scroll of revelation for 150 gold pieces
 50822 | Depths:2 | Bought a scroll of blinking for 150 gold pieces
 51044 | Depths:2 | Found a one-way gate leading to the halls of Pandemonium.
 51185 | Depths:2 | Found a glowing golden altar of the Shining One.
 51299 | Depths:2 | Found a transporter.
 51300 | Depths:2 | Found a shimmering blue altar of Sif Muna.
 51358 | Depths:2 | Acquired the amulet of Vitality {RegenMP++ Regen++}
 51358 | Depths:2 | Found the amulet of Vitality {RegenMP++ Regen++}
 51618 | Depths:1 | Found a transporter.
 51663 | Depths:1 | Found a transporter.
 51664 | Depths:1 | Found a transporter.
 51700 | Depths:1 | Found a hide-covered altar of Uskayaw.
 51868 | Depths:3 | Found Querghusm's Distillery.
 52202 | Depths:3 | Reached XP level 25. HP: 248/273 MP: 36/36
 52415 | Depths:3 | Bought a potion of curing for 57 gold pieces
 52415 | Depths:3 | Bought a potion of might for 76 gold pieces
 52415 | Depths:3 | Bought a potion of curing for 57 gold pieces
 52741 | Depths:3 | Found a one-way gateway to a ziggurat.
 53081 | Depths:3 | Identified the +0 longbow of a bazaar {flame, Int+4}
 53181 | Depths:3 | Found a one-way gate to the infinite horrors of the Abyss.
 53288 | Depths:4 | Entered Level 4 of the Depths
 53363 | Depths:4 | Reached skill level 15 in Armour
 53470 | Depths:4 | Found a magical portal.
 53521 | WizLab   | Entered Yara's Duelist Academy
 53890 | WizLab   | Noticed Hasir
 53893 | WizLab   | Pacified Hasir the Head Instructor
 54219 | Depths:4 | Found an ornate altar of the Wu Jian Council.
 54610 | Depths:4 | Found a gate to the Realm of Zot.
 54692 | Depths:4 | Voluntarily entered the Abyss.
 54703 | Abyss:2  | Found a corrupted altar of Lugonu.
 54717 | Abyss:2  | Found a corrupted altar of Lugonu.
 54774 | Abyss:2  | Gained mutation: You occasionally lose the ability to read
                  | scrolls when taking damage. [a neqoxec]
 54778 | Abyss:2  | Gained mutation: You are frail. (-10% HP) [a neqoxec]
 54829 | Abyss:3  | Paralysed by accursed screaming for 1 turns
 54832 | Abyss:3  | Paralysed by accursed screaming for 1 turns
 55318 | Abyss:4  | Paralysed by accursed screaming for 1 turns
 55337 | Abyss:4  | Reached XP level 26. HP: 61/253 MP: 36/36
 55458 | Abyss:4  | Gained mutation: Your magical capacity is low. (-10% MP) [a
                  | neqoxec]
 55753 | Abyss:4  | Paralysed by accursed screaming for 1 turns
 55769 | Depths:4 | Escaped the Abyss
 55859 | Depths:4 | Voluntarily entered the Abyss.
 55969 | Abyss:5  | Paralysed by accursed screaming for 2 turns
 55990 | Abyss:5  | Paralysed by accursed screaming for 2 turns
 56115 | Abyss:5  | Found a corrupted altar of Lugonu.
 56209 | Abyss:5  | Paralysed by accursed screaming for 1 turns
 56211 | Depths:4 | Escaped the Abyss
 56552 | Slime:1  | Entered Level 1 of the Pits of Slime
 56623 | Lair:5   | Paralysed by a formless jellyfish for 1 turns
 56749 | Slime:1  | Gained mutation: Your health recovers twice as slowly from
                  | being drained. [a shining eye]
 56751 | Slime:1  | Paralysed by a formless jellyfish for 1 turns
 56754 | Slime:1  | Paralysed by a formless jellyfish for 1 turns
 56983 | Slime:3  | Gained mutation: Your magical capacity is very low. (-20%
                  | MP) [a shining eye]
 57275 | Slime:3  | Gained mutation: You sometimes lose your temper in combat.
                  | [a shining eye]
 57293 | Slime:2  | Gained mutation: You are very frail. (-20% HP) [a shining
                  | eye]
 57295 | Slime:2  | Gained mutation: You are clumsy. (Dex -2) [a shining eye]
 57547 | Slime:5  | Entered Level 5 of the Pits of Slime
 57795 | Slime:5  | Noticed the Royal Jelly
 57832 | Slime:5  | Killed the Royal Jelly
 58112 | Slime:5  | Gained mutation: You are very clumsy. (Dex -4) [a shining
                  | eye]
 58120 | Slime:5  | Paralysed by a formless jellyfish for 1 turns
 58199 | Slime:5  | Got a slimy rune of Zot
 58228 | Slime:5  | Reached XP level 27. HP: 145/232 MP: 29/29
 58271 | Slime:5  | Identified the -2 cloak of Osiuluusy {-Cast rElec rF+++
                  | Stlth+}
 58311 | Slime:5  | Identified the amulet "Foucyo" {Acrobat Int+3}
 58372 | Slime:5  | Identified the +9 plate armour of the Shrike {Harm Str+2}
 58470 | Lair:5   | Lost mutation: Your health recovers twice as slowly from
                  | being drained. [potion of mutation]
 58470 | Lair:5   | Lost mutation: You occasionally lose the ability to read
                  | scrolls when taking damage. [potion of mutation]
 58470 | Lair:5   | Lost mutation: You are very frail. (-20% HP) [potion of
                  | mutation]
 58470 | Lair:5   | Gained mutation: Your spells are a little harder to cast,
                  | but a little more powerful. [potion of mutation]
 58470 | Lair:5   | Lost mutation: You are very clumsy. (Dex -4) [potion of
                  | mutation]
 58471 | Lair:5   | Lost mutation: You sometimes lose your temper in combat.
                  | [potion of mutation]
 58471 | Lair:5   | Lost mutation: Your magical capacity is very low. (-20% MP)
                  | [potion of mutation]
 58471 | Lair:5   | Lost mutation: You are frail. (-10% HP) [potion of
                  | mutation]
 58471 | Lair:5   | Gained mutation: You are vulnerable to cold. (rC-) [potion
                  | of mutation]
 58471 | Lair:5   | Gained mutation: You have hidden genetic defects. [potion
                  | of mutation]
 58471 | Lair:5   | Lost mutation: Your spells are a little harder to cast, but
                  | a little more powerful. [potion of mutation]
 58471 | Lair:5   | Gained mutation: Your muscles are strong. (Str +4, Int/Dex
                  | -1) [potion of mutation]
 58472 | Lair:5   | Lost mutation: You have hidden genetic defects. [potion of
                  | mutation]
 58472 | Lair:5   | Lost mutation: You are clumsy. (Dex -2) [potion of
                  | mutation]
 58472 | Lair:5   | Lost mutation: You are vulnerable to cold. (rC-) [potion of
                  | mutation]
 58472 | Lair:5   | Gained mutation: You have hidden genetic potential. [potion
                  | of mutation]
 58472 | Lair:5   | Gained mutation: You are clumsy. (Dex -2) [potion of
                  | mutation]
 58472 | Lair:5   | Gained mutation: You are partially covered in large bone
                  | plates. (SH +4) [potion of mutation]
 58472 | Lair:5   | Gained mutation: You have great hidden genetic potential.
                  | [potion of mutation]
 58831 | Zot:1    | Entered Level 1 of the Realm of Zot
 59287 | Zot:2    | Noticed an orb of fire
 59330 | Zot:1    | Lost mutation: Your muscles are strong. (Str +4, Int/Dex
                  | -1) [an orb of fire]
 59336 | Zot:1    | Killed an orb of fire
 59815 | Zot:5    | Entered Level 5 of the Realm of Zot
 60169 | Zot:5    | Noticed an ancient lich
 60185 | Zot:5    | Killed an ancient lich
 60420 | Zot:5    | Noticed an orb of fire
 60437 | Zot:5    | Killed an orb of fire
 60557 | Zot:5    | Noticed an orb of fire
 60569 | Zot:5    | Gained mutation: You occasionally lose the ability to drink
                  | potions when taking damage. [an orb of fire]
 60570 | Zot:5    | Gained mutation: You do not regenerate when monsters are
                  | visible. [an orb of fire]
 60573 | Zot:5    | Gained mutation: You occasionally shout uncontrollably at
                  | your foes. [an orb of fire]
 60575 | Zot:5    | Gained mutation: Your spells are a little easier to cast,
                  | but a little less powerful. [an orb of fire]
 60577 | Zot:5    | Killed an orb of fire
 60585 | Zot:5    | Lost mutation: Your magical capacity is low. (-10% MP)
                  | [potion of mutation]
 60585 | Zot:5    | Lost mutation: You occasionally shout uncontrollably at
                  | your foes. [potion of mutation]
 60585 | Zot:5    | Gained mutation: You are strong-willed. (Will+) [potion of
                  | mutation]
 60585 | Zot:5    | Gained mutation: Your flesh is cold resistant. (rC+)
                  | [potion of mutation]
 60591 | Zot:5    | Lost mutation: You are partially covered in large bone
                  | plates. (SH +4) [potion of mutation]
 60591 | Zot:5    | Lost mutation: Your spells are a little easier to cast, but
                  | a little less powerful. [potion of mutation]
 60591 | Zot:5    | Gained mutation: You possess an exceptional clarity of
                  | mind. [potion of mutation]
 60591 | Zot:5    | Lost mutation: You possess an exceptional clarity of mind.
                  | [potion of mutation]
 60591 | Zot:5    | Gained mutation: You expend magic power (3 MP) to
                  | strengthen your wands. [potion of mutation]
 60592 | Zot:5    | Lost mutation: You expend magic power (3 MP) to strengthen
                  | your wands. [potion of mutation]
 60592 | Zot:5    | Lost mutation: Your flesh is cold resistant. (rC+) [potion
                  | of mutation]
 60592 | Zot:5    | Lost mutation: You are clumsy. (Dex -2) [potion of
                  | mutation]
 60727 | Zot:5    | Noticed an orb of fire
 60729 | Zot:5    | Gained mutation: You sometimes lose the ability to drink
                  | potions when taking damage. [an orb of fire]
 60737 | Zot:5    | Noticed an orb of fire
 60758 | Zot:5    | HP: 10/291 [Orb Guardian (22)]
 60963 | Zot:5    | Gained mutation: Your spells are a little easier to cast,
                  | but a little less powerful. [an orb of fire]
 60968 | Zot:5    | Gained mutation: You occasionally lose the ability to read
                  | scrolls when taking damage. [an orb of fire]
 60975 | Zot:5    | Gained mutation: You are vulnerable to cold. (rC-) [an orb
                  | of fire]
 60976 | Zot:5    | Killed an orb of fire
 60980 | Zot:5    | Lost mutation: You are strong-willed. (Will+) [potion of
                  | mutation]
 60980 | Zot:5    | Lost mutation: You occasionally lose the ability to read
                  | scrolls when taking damage. [potion of mutation]
 60980 | Zot:5    | Gained mutation: Your magical capacity is low. (-10% MP)
                  | [potion of mutation]
 60980 | Zot:5    | Lost mutation: You do not regenerate when monsters are
                  | visible. [potion of mutation]
 60980 | Zot:5    | Gained mutation: You have a somewhat thin skeletal
                  | structure. (Dex +2, Stealth+) [potion of mutation]
 60988 | Zot:5    | Lost mutation: Your magical capacity is low. (-10% MP)
                  | [potion of mutation]
 60988 | Zot:5    | Lost mutation: You have a somewhat thin skeletal structure.
                  | (Dex +2, Stealth+) [potion of mutation]
 60988 | Zot:5    | Lost mutation: Your spells are a little easier to cast, but
                  | a little less powerful. [potion of mutation]
 60988 | Zot:5    | Gained mutation: You are robust. (+10% HP) [potion of
                  | mutation]
 61028 | Zot:5    | Noticed an orb of fire
 61037 | Zot:5    | Lost mutation: You have great hidden genetic potential. [an
                  | orb of fire]
 61042 | Zot:5    | Gained mutation: Your body sometimes deteriorates upon
                  | taking damage. [an orb of fire]
 61044 | Zot:5    | Killed an orb of fire
 61076 | Zot:5    | Killed an orb of fire
 61091 | Zot:5    | Gained mutation: Your movements are slightly less
                  | encumbered by armour. (ER -2) [hidden potential]
 61154 | Zot:5    | Noticed an orb of fire
 61155 | Zot:5    | Gained mutation: You are occasionally teleported next to
                  | monsters. [an orb of fire]
 61164 | Zot:5    | Gained mutation: Armour fits poorly on your strangely
                  | shaped body. [an orb of fire]
 61166 | Zot:5    | Killed an orb of fire
 61347 | Zot:5    | Got the Orb of Zot
 61571 | Zot:1    | Elyvilon protects you from harm!
 62042 | D:$      | Escaped with the Orb!

Illustrated notes

Levels and vault maps discovered:
D:1:      shiori_arrival_whats_in_store_for_you, layout_rooms, serial_shops,
          nicolae_shop_tiny_waterfront, minmay_pentomino_s2
D:2:      layout_basic
D:3:      layout_rooms, gammafunk_ghost_smash
D:4:      layout_cave_pools, lemuel_round_altar, minmay_temple_entry_wispy,
          serial_column_ruins, column_ruins_hut, column_ruins_open_small,
          column_ruins_open_tiny, column_ruins_open_tiny,
          column_ruins_open_tiny, column_ruins_corridor_straight,
          column_ruins_grid_3
D:5:      kennysheep_slugbush, layout_rooms,
          mainiacjoe_overflow_concentric_impassable,
          mainiacjoe_overflow_boulevard, lemuel_blue_sif_altar,
          portal_sewer_entry_f, uniq_edmund
D:6:      layout_cave_pools, serial_shops, nicolae_shop_dealshenge,
          chequers_decorated_corner, hangedman_decor_opposing
D:7:      layout_loops_ring, nemelex_dance_club_becter
D:8:      layout_loops_ring
D:9:      layout_rooms, xom_shifter_show, cheibrodos_worm_habitat,
          beargit_hepliaklqana_dungeon_heroes, orc_0_dummy, uniq_erolcha,
          uniq_maggie
D:10:     layout_basic, erik_lair_orcish_takeover, uniq_urug, uniq_snorg
D:11:     layout_rooms
D:12:     layout_long_grid
D:13:     layout_stronghold, david_vaults_1, biasface_ghost_orc_armoury
D:14:     layout_roguey, nicolae_take_the_stairs, minmay_misc_feat_ornament,
          laboratory, uniq_jorgrun
D:15:     grunt_enter_depths_magical_seal, layout_irregular_city,
          grunt_decor_junction, nicolae_transporter_circle
Temple:   nicolae_temple_ecumenical_triangle
Lair:1:   layout_layer_cave, bh_autumn_forest_stairs, dreamdust_gnoll_shepherd
Lair:2:   layout_loops_ring, minmay_snake_entry_guardpost_small
Lair:3:   gammafunk_lair_enchanted_lake, layout_small_grid, shoals_dummy_entry,
          serial_forest, infiniplex_forest_clump_curved,
          infiniplex_forest_straight_2, infiniplex_forest_end_3,
          infiniplex_forest_lined_3, infiniplex_forest_end_3,
          infiniplex_forest_clump_diagonal, infiniplex_forest_lined_1
Lair:4:   beast_lair_carwin_large_3, layout_loops_ring, enter_volcano_2,
          uniq_josephine
Lair:5:   evilmike_catoblepas_cave, layout_loops_ring, slime_entry_1
Shoals:1: layout_shoals
Shoals:2: layout_shoals
Shoals:3: cheibrodos_shoals_oceanic_diplomacy, layout_shoals,
          hangedman_shoals_cup_caves, uniq_nikola, uniq_polyphemus, uniq_ilsuiw
Shoals:4: shoals_end_grunt_ice, layout_shoals, shoals_ilsuiw_ice,
          nicolae_shoals_spectral_cove
Snake:1:  nrook_guardian_serpent_snake_passage, layout_chambers,
          ebering_ghost_rock_garden, grunt_megastairs_3, serial_bayou_shore_b,
          serial_bayou_shore_b
Snake:2:  nicolae_snake_nest, layout_rooms, serial_shops,
          nicolae_shop_bloodbath_and_beyond, nicolae_snake_salamander_fort
Snake:3:  layout_rooms, nicolae_stop_n_shop_2, hangedman_snake_thin_pillar_pass
Snake:4:  snake_pit_salamanders_mu, layout_layer_cave, nicolae_snake_snakewalk,
          lemuel_fruit_tree
Slime:1:  layout_caves, cheibrodos_slime_lost_civilization_4
Slime:2:  layout_caves
Slime:3:  layout_caves
Slime:4:  layout_caves
Slime:5:  slime_pit_nicolae_block_by_block
Orc:1:    layout_diamond_mine, serial_shops, shop
Orc:2:    grunt_orc_tribal_feast, layout_diamond_mine
Elf:1:    eino_elf_arrival_the_gate, layout_onion_city, serial_shops, shop,
          shop, shop, basic_altar, hangedman_elf_disciples
Elf:2:    elven_hall_of_blades_hangedman_original
          [nicolae_blade_entry_area_security], layout_gridlike,
          portal_desolation_entry_nicolae_nacl, serial_shops, shop,
          minmay_shop_grove
Elf:3:    minmay_elf_hall_dome, layout_loops_corners, serial_shops, shop
Vaults:1: nicolae_vaults_ninety_degrees, vaults_room_fancy_cross,
          nicolae_vaults_steering_wheel, nicolae_vaults_storing_the_good_stuff,
          nicolae_vaults_sesquioval_fish, nicolae_vaults_tetromino_T_2,
          hangedman_vaults_pinch, layout_vaults_omnigrid, serial_shops,
          nicolae_shop_pleasant_corner_grove
Vaults:2: v_rooms_6, nicolae_vaults_closet_pinwheel_1, nicolae_vaults_gold_heap,
          nicolae_vaults_double_plus_3, nicolae_vaults_lightning_bolt,
          hangedman_vaults_stitches, v_misc_12, vaults_room_fours, v_rooms_5,
          nicolae_vaults_storage_room_glass, vaults_dpeg_emergency_exit,
          serial_ice_b, nicolae_vaults_little_squares_4,
          nicolae_vaults_security_offices_1, layout_vaults_maze_snakey,
          serial_shops, shop
Vaults:3: minmay_crypt_entry_simple_sparse, nicolae_vaults_little_squares_2,
          nicolae_vaults_tetromino_L_1, nicolae_vaults_closet_pinwheel_5,
          vaults_dpeg_ring, nicolae_vaults_network_square, v_misc_28, v_misc_3,
          nicolae_vaults_circle_grid_a, nicolae_vaults_little_squares_2,
          layout_vaults_big_room
Vaults:4: nicolae_vaults_surprise_closet, nicolae_vaults_turnstiles,
          nicolae_vaults_big_ls, vaults_mumra_chevron_long,
          nicolae_vaults_trapezoid_layered, ontoclasm_vaults_spin,
          ontoclasm_vaults_pinch, nicolae_vaults_trapezoid_4,
          vaults_mumra_hexcomb, nicolae_vaults_tetromino_T_2,
          layout_vaults_omnicross, serial_shops, nicolae_shop_drivethru
Crypt:1:  layout_rooms
Crypt:2:  cheibrodos_crypt_down_in_the_bonehoard, layout_chaotic_city,
          amcnicky_mini_rare_corridor_liquid
Crypt:3:  grunt_crypt_end_deaths_head, uniq_bai_suzhen
Depths:1: minmay_the_grid_triangle_9x9_rhombus_thin_mashed
          [minmay_the_grid_triangle_9x9_wacky_v,
          minmay_the_grid_triangle_9x9_prize_schism,
          minmay_the_grid_triangle_9x9_swiss_cheese,
          minmay_the_grid_triangle_9x9_zippers_horizontal], layout_gridville,
          nicolae_uskayaw_en_pointe, hell_entry, serial_nicolae_subway,
          nicolae_sub_station_stone, nicolae_sub_station_crystal,
          nicolae_sub_station_metal
Depths:2: gammafunk_sealed_library, layout_basic, pf_vacation_house_of_asmodeus,
          dreamdust_wishing_well, rand_demon_pan_entry_8,
          nicolae_tso_carved_into_rock, minmay_shoptagon
Depths:3: minmay_blocking_statues, layout_cave_pools, enter_ziggurat_f,
          serial_shops, shop, hangedman_abyss_entry_splay, hell_entry,
          nicolae_titane
Depths:4: evilmike_zot_entry_basic, layout_cave_shapes, mu_enter_wizlab_1,
          nicolae_wu_jian_wuxing_cycle, hell_entry,
          abyss_entry_small_statue_room
Zot:1:    layout_gridlike
Zot:2:    lemuel_halls_of_wrath, layout_onion_interference,
          regret_index_zotdec_barnacled_simple
Zot:3:    layout_gridlike, ebering_ghost_inner_flame,
          regret_index_zotdec_tunneler
Zot:4:    kennysheep_spiral_hall, layout_cellular_growth,
          regret_index_zotdec_bone_old
Zot:5:    layout_gridlike

Skill      XL: |  1  2  3  4  5  6  7  8  9 10 11 12 13 14 15 16 17 18 19 20 21 22 23 24 25 26 27 |
---------------+----------------------------------------------------------------------------------+-----
Fighting       | 2 4 5 6 7 13 15 17 19 | 19.9
Maces & Flails | 1 2 3 6 9 12 14 17 18 19 | 19.9
Invocations    | 11 12 14 15 17 19 | 19.9
Dodging        | 6 10 12 15 17 19 | 19.9
Throwing       | 7 13 15 16 19 | 19.9
Armour         | 9 10 12 13 18 19 | 19.9
Evocations     | 10 14 | 14.1
Stealth        | |  0.6

Action                     |  1- 3 |  4- 6 |  7- 9 | 10-12 | 13-15 | 16-18 | 19-21 | 22-24 | 25-27 || total
---------------------------+-------+-------+-------+-------+-------+-------+-------+-------+-------++-------
  Melee: Club              |    39 |       |       |       |       |       |       |       |       ||    39
         Dagger            |    61 |    59 |       |       |       |       |       |       |       ||   120
         Punch             |     2 |     1 |       |       |       |       |       |       |       ||     3
         Headbutt          |    12 |    13 |    28 |    86 |   279 |   395 |   445 |   269 |   521 ||  2048
         Great mace        |       |    22 |   217 |   418 |  1100 |  1494 |  1508 |   992 |  1726 ||  7477
  Throw: Large rock        |       |       |       |       |     3 |     2 |    20 |       |       ||    25
 Invoke: Heal Other        |       |       |       |     1 |     3 |    16 |     8 |       |     4 ||    32
         Heal Self         |       |       |       |       |       |     3 |     8 |       |    10 ||    21
         Purification      |       |       |       |       |       |       |       |       |     7 ||     7
  Evoke: Wand              |     8 |     4 |     6 |     6 |       |     6 |     5 |     1 |     6 ||    42
         Lightning rod     |       |       |       |       |       |    10 |     6 |     9 |     3 ||    28
         Tin of tremorston |       |       |       |       |       |     2 |     3 |     3 |     3 ||    11
    Use: Scroll            |       |     3 |    11 |    11 |    10 |    15 |    12 |    13 |    23 ||    98
         Potion            |       |       |     1 |     2 |     5 |     8 |     8 |     5 |    46 ||    75
   Stab: Sleeping          |     1 |     1 |     4 |       |       |       |     1 |     1 |       ||     8
         Distracted        |       |       |       |       |       |       |       |     1 |       ||     1
         Paralysed         |       |       |       |       |       |       |       |       |     1 ||     1
 Armour: Robe              |    97 |    48 |   149 |     2 |       |       |       |       |       ||   296
         Acid dragon scale |       |       |       |    37 |       |       |       |       |       ||    37
         Skin              |       |       |       |     1 |       |       |       |       |       ||     1
         Troll leather arm |       |       |       |   146 |   619 |  1257 |  1372 |   589 |       ||  3983
         Ice dragon scales |       |       |       |       |       |       |       |   178 |       ||   178
         Fire dragon scale |       |       |       |       |       |       |       |   319 |  2704 ||  3023
  Dodge: Dodged            |    85 |    36 |   227 |   390 |  1113 |  1492 |  1306 |   815 |  1705 ||  7169
  Block: Other             |       |       |       |       |       |       |       |       |    45 ||    45
